[Event "WCCC G10 2019"]
[Site "Weifang"]
[Date "2019.08.28"]
[Round "7.4"]
[White "Khamdamova, Afruza"]
[Black "Feng, Eunice"]
[Result "0-1"]
[ECO "B92"]
[WhiteElo "1607"]
[BlackElo "1280"]
[Annotator "NA RC"]
[PlyCount "90"]
[EventDate "2019.08.21"]
[EventType "swiss"]
[EventCountry "CHN"]
[SourceTitle "playchess.com"]
[Source "ChessBase"]
[SourceQuality "1"]
[TimeControl "40/5400+30:1800+30"]

1. e4 c5 2. Nf3 d6 3. d4 Nf6 4. Nc3 cxd4 5. Nxd4 a6 6. Be2 e5 7. Nb3 Be7 8. O-O O-O 9. f4 Qc7 10. a4 b6 11. Qe1 Bb7 12. Bf3 Nbd7 13. f5 d5 14. exd5 Bb4 15. Qg3 Kh8 16. Rd1 Bxc3 17. d6 Bd4+ 18. Nxd4 Qc8 19. Bxb7 Qxb7 20. Ne2 Rac8 21. Nc3 Qc6 22. Qd3 Nc5 23. Qe2 Nce4 24. Nxe4 Nxe4 25. d7 Rcd8 26. Be3 Nf6 27. c3 Nd5 28. Qf3 Rxd7 29. Rd2 Qc4 30. a5 b5 31. Rad1 e4 32. Qf2 Nxe3 33. Qxe3 Rxd2 34. Rxd2 Re8 35. Qd4 Qc7 36. Qd7 Qc5+ 37. Rd4 Rf8 38. Qd6 Qc8 39. f6 Re8 40. fxg7+ Kg8 41. Qd7 Qb8 42. Qf5 Qa7 43. Kh1 Qc7 44. Rd7 Qc4 45. Qd5 Qf1# 0-1

[Event "WCCC G10 2019"]
[Site "Weifang"]
[Date "2019.08.28"]
[Round "7.5"]
[White "Li, Rachael"]
[Black "Zhou, Yafei"]
[Result "1-0"]
[ECO "C07"]
[WhiteElo "1911"]
[BlackElo "1757"]
[Annotator "NA RC"]
[PlyCount "113"]
[EventDate "2019.08.21"]
[EventType "swiss"]
[EventCountry "CHN"]
[SourceTitle "playchess.com"]
[Source "ChessBase"]
[SourceQuality "1"]
[TimeControl "40/5400+30:1800+30"]

1. e4 e6 2. d4 d5 3. Nd2 c5 4. Ngf3 cxd4 5. exd5 Qxd5 6. Bc4 Qd8 7. O-O a6 8. a4 {[%emt 0:00:00] C07: French Tarrasch: 3...c5, 4 Ngf3 and 4 exd5 Qxd5} (8. Nb3 Nc6 9. Nbxd4 Nxd4 10. Nxd4 Qc7 11. Bd3 Nf6 12. Re1 Bd7 13. Qf3 O-O-O 14. Bf4 Bd6 15. Bxd6 Qxd6 {½-½ (80) Gonzalez Vidal,Y (2543)-Harikrishna,P (2743) Tbilisi 2017}) 8... Nc6 9. Nb3 Qc7 10. Qe2 Bd6 11. Rd1 Nge7 12. Nbxd4 Nxd4 13. Rxd4 Bd7 14. c3 $146 ({Predecessor:} 14. Bd3 Bc6 15. Rc4 {½-½ (44) Alsina Leal,D (2480)-Espinosa Aranda,A (2451) Linares 2018}) 14... Bc6 15. Bb3 Bxf3 16. Qxf3 Bxh2+ 17. Kh1 Be5 18. Rc4 Qd7 19. Be3 Nf5 (19... O-O $14) 20. Rd1 Qe7 $2 (20... Bd6 $16) 21. Bc5 Bd6 {[%emt 0:02:14] [#]} 22. Bxd6 $2 (22. Rxd6 $1 $18 Nxd6 23. Qd3) 22... Nxd6 23. Rcd4 Nf5 24. Rd7 Qh4+ 25. Kg1 O-O 26. Rxb7 Rfd8 ({Black should play} 26... g6 $14) 27. Rdd7 Rxd7 28. Rxd7 Rd8 (28... Rf8 $16) 29. Qd3 Rxd7 30. Qxd7 g6 31. Qc8+ Kg7 32. Qxa6 Qf4 33. Qe2 Qc1+ 34. Bd1 Qa1 35. Qc2 Nd6 36. Kh2 Nc4 37. b3 Na3 38. Qd2 Nb1 39. Qc1 ({Not} 39. Qd4+ Kg8 $16) 39... Qa2 40. Qc2 Qa1 {[%emt 0:01:54] [#]} 41. c4 $1 Qe5+ 42. g3 Nc3 43. Bf3 g5 44. Qd2 h6 45. Qe3 Qa5 46. c5 Na2 47. c6 e5 48. b4 Nxb4 49. Qc3 Nxc6 50. Qxc6 Qe1 51. Kg2 f6 52. Bh5 Qb1 53. Qd7+ Kh8 54. Qe8+ Kg7 55. Qe7+ Kg8 56. Qf7+ (56. Bf7+ $142 Kh7 57. Be6+ Kh8 58. Qf8+ {[%mdl 64] Double Attack} Kh7 59. Qg8#) 56... Kh8 57. Bg6 1-0

[Event "WCCC G10 2019"]
[Site "Weifang"]
[Date "2019.08.28"]
[Round "7.6"]
[White "Mai, Hieu Linh"]
[Black "Rouda Essa, Alserkal"]
[Result "1/2-1/2"]
[ECO "C54"]
[WhiteElo "1344"]
[BlackElo "1601"]
[Annotator "NA"]
[PlyCount "81"]
[EventDate "2019.08.21"]
[EventType "swiss"]
[EventCountry "CHN"]
[SourceTitle "playchess.com"]
[Source "ChessBase"]
[SourceQuality "1"]
[TimeControl "40/5400+30:1800+30"]

1. e4 e5 2. Nf3 Nc6 3. Bc4 Bc5 4. c3 Nf6 5. d3 a6 6. Bb3 d6 7. O-O Ba7 8. Re1 O-O 9. Nbd2 Ng4 10. Re2 Kh8 11. h3 Nh6 12. Nf1 f5 13. Bg5 Qe8 14. Bxh6 gxh6 15. exf5 Bxf5 16. Kh2 Bxh3 17. Kxh3 Qh5+ 18. Nh4 Rf4 19. g3 Qg4+ 20. Kg2 Raf8 21. Ne3 Qg5 22. Qh1 Ne7 23. Rf1 c6 24. Qh2 R4f6 25. Qh1 d5 26. c4 d4 27. Nc2 c5 28. Ne1 Bb8 29. Qh3 Ng6 30. Nhf3 Nf4+ 31. Kh1 Nxh3 32. Nxg5 Nxg5 33. Kg2 Kg7 34. Nc2 Rf3 35. Ne1 R3f6 36. Nc2 Ne6 37. Rfe1 Rg6 38. Kh2 Ng5 39. Kg2 Rgf6 40. Na3 Rg6 41. Nb1 1/2-1/2

[Event "WCCC G10 2019"]
[Site "Weifang"]
[Date "2019.08.28"]
[Round "7.7"]
[White "Stoll, Lucia"]
[Black "Yesugen Khuchbayar"]
[Result "0-1"]
[ECO "B51"]
[WhiteElo "1596"]
[BlackElo "1325"]
[Annotator "NA RC"]
[PlyCount "78"]
[EventDate "2019.08.21"]
[EventType "swiss"]
[EventCountry "CHN"]
[SourceTitle "playchess.com"]
[Source "ChessBase"]
[SourceQuality "1"]
[TimeControl "40/5400+30:1800+30"]

1. e4 c5 2. Nf3 d6 3. Bb5+ Nc6 4. O-O e5 5. h3 Nf6 6. Re1 Be7 7. c3 O-O 8. d4 cxd4 9. cxd4 exd4 10. Nxd4 Qb6 11. Nxc6 bxc6 12. Bc4 Be6 13. Bxe6 fxe6 14. Qc2 d5 15. e5 Ne4 16. Rxe4 dxe4 17. Be3 c5 18. Nd2 Rfd8 19. Nxe4 Rd5 20. Nd2 Rad8 21. Nc4 Qb5 22. a4 Qd7 23. Kf1 Qe8 24. a5 Qh5 25. Ke1 Bg5 26. f4 Bh4+ 27. Bf2 Bxf2+ 28. Kxf2 Qh4+ 29. g3 Qxh3 30. Rg1 Rf8 31. Qc3 Rd4 32. Nd2 Rfd8 33. Nf3 Rd3 34. Qxc5 Qg4 35. Qc6 Rd2+ 36. Kf1 Rd1+ 37. Kg2 R8d2+ 38. Nxd2 Rxd2+ 39. Kf1 Qe2# 0-1

[Event "WCCC G10 2019"]
[Site "Weifang"]
[Date "2019.08.28"]
[Round "7.10"]
[White "Kirtadze, Anastasia"]
[Black "Aswinika, Mani"]
[Result "1/2-1/2"]
[ECO "A70"]
[WhiteElo "1532"]
[BlackElo "1242"]
[Annotator "NA RC"]
[PlyCount "141"]
[EventDate "2019.08.21"]
[EventType "swiss"]
[EventCountry "CHN"]
[SourceTitle "playchess.com"]
[Source "ChessBase"]
[SourceQuality "1"]
[TimeControl "40/5400+30:1800+30"]

1. d4 c5 2. d5 e6 3. c4 exd5 4. cxd5 d6 5. Nc3 Nf6 6. e4 g6 7. Nf3 Bg7 8. Bd3 O-O 9. O-O Bg4 10. h3 Bxf3 11. Qxf3 a6 12. a4 Nfd7 13. Qe2 Ne5 14. f4 Nxd3 15. Qxd3 Re8 16. Kh1 Nd7 17. Bd2 Rc8 18. b3 c4 19. bxc4 Nc5 20. Qc2 Bxc3 21. Bxc3 Nxe4 22. Bb2 Ng3+ 23. Kh2 Nxf1+ 24. Rxf1 Qe7 25. Rf2 f6 26. Qc3 Rc7 27. Rf3 b5 28. axb5 axb5 29. Qb3 bxc4 30. Qc3 Rb7 31. Qd4 Rb5 32. Bc3 Rc5 33. Bb4 Rc7 34. Bc3 Qf7 35. Bb4 Qe7 36. Bc3 Qf8 37. Rg3 Rce7 38. f5 Re4 39. Qd2 Qg7 40. fxg6 hxg6 41. Rf3 Rf8 42. Qb2 Rh4 43. Bxf6 Rxf6 44. Rxf6 Kh7 45. Qf2 Qh6 46. Rf7+ Kg8 47. Rf3 Re4 48. Qc2 Qh4 49. Qb2 Qe7 50. Rg3 Kh7 51. Qf2 Qg7 52. Qf3 Rd4 53. Qe2 c3 54. Qc2 Rd2 55. Qc1 Qe5 56. Qxc3 Qxc3 57. Rxc3 Rxd5 58. Kg3 Kg7 59. Kf4 Kf6 60. Ke4 Re5+ 61. Kf4 Rf5+ 62. Ke4 Re5+ 63. Kd4 Ke6 64. Rg3 Kf6 65. Rf3+ Ke6 66. g4 Rd5+ 67. Kc4 Rc5+ 68. Kd4 Rd5+ 69. Ke4 Re5+ 70. Kd4 Rd5+ 71. Ke4 {[%emt 0:00:01] Ke5+} 1/2-1/2

[Event "WCCC G10 2019"]
[Site "Weifang"]
[Date "2019.08.29"]
[Round "8.1"]
[White "Li, Rachael"]
[Black "Chen, Yining"]
[Result "1/2-1/2"]
[ECO "C52"]
[WhiteElo "1911"]
[BlackElo "1744"]
[Annotator "NA"]
[PlyCount "251"]
[EventDate "2019.08.21"]
[EventType "swiss"]
[EventCountry "CHN"]
[SourceTitle "playchess.com"]
[Source "ChessBase"]
[SourceQuality "1"]
[TimeControl "40/5400+30:1800+30"]

1. e4 e5 2. Nf3 Nc6 3. Bc4 Bc5 4. b4 Bxb4 5. c3 Ba5 6. d4 d6 7. Qb3 Qd7 8. dxe5 {[%emt 0:00:10] C52: Evans Gambit Accepted: 5 c3 Ba5} (8. O-O Bb6 9. Bb5 a6 10. Ba4 Ba7 11. Na3 Nge7 12. d5 b5 13. Nxb5 axb5 14. Bxb5 O-O 15. dxc6 Qg4 16. Qc2 {0-1 (48) Li,C (2751)-Ding,L (2766) Huaian 2016}) 8... Nxe5 9. Nxe5 dxe5 10. Bxf7+ Qxf7 11. Qb5+ c6 $146 ({Predecessor:} 11... Bd7 12. Qxa5 Qg6 13. Qxe5+ Ne7 14. Bg5 Be6 15. Bxe7 {Doplmayr,F-Fyri,T corr 1994}) 12. Qxa5 Qe6 13. Ba3 b6 14. Qa4 Bd7 15. O-O c5 16. Qb3 Ne7 17. Rd1 Qxb3 18. axb3 Nc6 19. Nd2 Be6 20. Bb2 Ke7 21. b4 cxb4 22. cxb4 Nxb4 23. Bxe5 Kf7 24. Nf3 Bg4 $2 (24... Rhe8 $16) 25. Bc3 Nc6 26. Rd6 Bxf3 27. Rxc6 Bxe4 28. Rc7+ Ke6 29. f3 Rhc8 30. Rxg7 Rxc3 31. fxe4 a5 32. Rxh7 Ke5 33. Rh5+ Kxe4 34. Rb5 Rc6 35. h4 Rd8 36. Ra4+ Rd4 37. Rxd4+ Kxd4 38. h5 Ke4 39. Kh2 Kf4 40. Kh3 Rc3+ 41. Kh4 Rg3 42. Rxb6 Rg4+ 43. Kh3 Rg3+ 44. Kh2 Rg5 45. h6 Rh5+ 46. Kg1 Kg5 47. Kf2 Rxh6 48. Rb5+ Kg4 49. Rxa5 Rb6 50. Ra4+ Kg5 51. Kg3 Rb3+ 52. Kh2 Rb8 53. Kh3 Rc8 54. Ra5+ Kg6 55. Kh4 Rb8 56. Ra6+ Kg7 57. g4 Rc8 58. Kh5 Rb8 59. Ra7+ Kg8 60. g5 Rc8 61. Kh6 Rb8 62. Re7 Rc8 63. Re6 Rb8 64. Kg6 Rd8 65. Kf5 Rd5+ 66. Kf6 Rd8 67. Ke7 Ra8 68. Kf6 Rb8 69. Ra6 Rf8+ $11 70. Kg6 Rb8 71. Kh6 Rc8 72. Rb6 Ra8 73. Rg6+ Kh8 $1 74. Rc6 Kg8 75. Kh5 Rb8 76. Kg4 Rb4+ 77. Kf5 Rb5+ 78. Kf6 Rb8 79. Re6 Rc8 80. Re1 Rc6+ 81. Kf5 Rc5+ 82. Kg6 Rc6+ 83. Kh5 Rc8 84. Rf1 Rb8 85. Kh6 Rb6+ 86. Kh5 Rb8 87. Kg6 Rb6+ 88. Rf6 Rb8 89. Rf2 Rb6+ 90. Kh5 Rb8 91. Rf5 Rc8 92. Rb5 Ra8 93. Kg4 Rc8 94. Rb6 Rc4+ 95. Kf5 Rc5+ 96. Kf6 Rc8 97. Ra6 Rb8 98. Rc6 Ra8 99. Kg6 Rb8 100. Kh5 Ra8 101. Rg6+ Kh7 102. Rb6 Kg8 103. Kh6 Rc8 104. Rb7 Rc6+ 105. g6 Rc8 106. Rg7+ Kh8 107. Rf7 Kg8 108. Rf6 Rb8 109. Rc6 Ra8 110. Kg5 Ra5+ 111. Kf6 Ra8 112. Re6 Rb8 113. Re1 Rb6+ 114. Re6 Rxe6+ 115. Kxe6 Kg7 116. Kf5 Kg8 117. Kg4 Kg7 118. Kg5 Kg8 119. Kh4 Kg7 120. Kh5 Kg8 121. Kh6 Kh8 122. Kg5 Kg7 123. Kf5 Kg8 124. Kf6 Kf8 125. g7+ Kg8 126. Kg6 1/2-1/2

[Event "WCCC G10 2019"]
[Site "Weifang"]
[Date "2019.08.29"]
[Round "8.2"]
[White "Kaliakhmet, Elnaz"]
[Black "Lee, Alice"]
[Result "0-1"]
[ECO "D55"]
[WhiteElo "1538"]
[BlackElo "1822"]
[Annotator "NA"]
[PlyCount "90"]
[EventDate "2019.08.21"]
[EventType "swiss"]
[EventCountry "CHN"]
[SourceTitle "playchess.com"]
[Source "ChessBase"]
[SourceQuality "1"]
[TimeControl "40/5400+30:1800+30"]

1. d4 d5 2. c4 e6 3. Nc3 Be7 4. Nf3 Nf6 5. Bg5 h6 6. Bxf6 Bxf6 7. e3 O-O 8. Rc1 dxc4 {[%emt 0:01:05] D55: Queen's Gambit Declined: 4 Bg5 Be7: Lines without ...h6 and 6...h6 7 Bxf6} (8... c6 9. Bd3 Nd7 10. O-O dxc4 11. Bxc4 e5 12. Bb3 exd4 13. exd4 Re8 14. h3 Nb6 15. Re1 Bf5 16. g4 Bg6 17. Rxe8+ Qxe8 18. Qd2 Qd7 19. Qf4 Re8 20. Rd1 Qc8 21. Ne5 Bxe5 22. dxe5 Rd8 23. Rd4 Qc7 {1-0 (43) Radjabov,T (2751)-Sargissian,G (2691) Batumi 2018}) 9. Bxc4 c5 10. dxc5 Qa5 11. O-O Qxc5 12. Ne4 Qe7 13. Qe2 $146 ({Predecessor:} 13. Nxf6+ Qxf6 14. Qd4 Nc6 15. Qxf6 gxf6 16. Rfd1 {1-0 (81) Sergeev,V-Gershman,S Kiev 1986}) 13... Bd7 14. Rfd1 Bc6 15. Ng3 Bxf3 16. Qxf3 Nc6 17. Qe2 Rac8 18. Ne4 Be5 19. b3 (19. g3 $11) 19... Bxh2+ 20. Kxh2 Qh4+ 21. Kg1 Qxe4 22. Bd3 Qh4 23. Rc4 Qe7 24. Bb1 f5 25. Rc2 Nb4 26. Rcd2 (26. Rxc8 $11 {keeps the balance.} Rxc8 27. e4) 26... Nd5 27. Qe1 Qf6 28. Bd3 Kh8 29. Rc1 Qg5 30. Rxc8 Rxc8 31. Bc4 Rc5 32. Rd3 Qf6 33. Qd1 Nb6 34. Rd8+ Kh7 35. Rb8 Nxc4 36. bxc4 b6 37. Rb7 Rxc4 38. Rxa7 $2 (38. Rd7) 38... Qb2 $19 39. Qh5 Rc1+ 40. Kh2 Qxf2 41. Qf3 Qg1+ 42. Kg3 Rc3 43. Kf4 Qh2+ 44. g3 Qd2 45. g4 Qd6# 0-1

[Event "WCCC G10 2019"]
[Site "Weifang"]
[Date "2019.08.29"]
[Round "8.3"]
[White "Feng, Eunice"]
[Black "Nurgaliyeva, Zarina"]
[Result "1-0"]
[ECO "C54"]
[WhiteElo "1280"]
[BlackElo "1474"]
[Annotator "NA"]
[PlyCount "83"]
[EventDate "2019.08.21"]
[EventType "swiss"]
[EventCountry "CHN"]
[SourceTitle "playchess.com"]
[Source "ChessBase"]
[SourceQuality "1"]
[TimeControl "40/5400+30:1800+30"]

1. e4 e5 2. Nf3 Nc6 3. Bc4 Bc5 4. c3 Nf6 5. d4 exd4 6. e5 d5 7. Bb5 Ne4 8. cxd4 Bb6 9. Nc3 O-O 10. Be3 f5 11. Qb3 Ne7 12. O-O-O Nxc3 13. Qxc3 a5 14. g3 Bd7 15. Be2 a4 16. Nd2 Ba5 17. Qc2 b6 18. f4 c5 19. dxc5 bxc5 20. Kb1 Bb6 21. Bxc5 Rc8 22. Bxe7 Qxe7 23. Qd3 Be6 24. Rc1 Rb8 25. Nf3 d4 26. Nxd4 Bxd4 27. Qxd4 Rfd8 28. Qc3 Rb4 29. Rhd1 Rdb8 30. Rc2 Qa7 31. Qa3 h6 32. Rcd2 Qc7 33. Rd8+ Rxd8 34. Rxd8+ Qxd8 35. Qxb4 Qa8 36. Bd1 Bd7 37. Qd4 Qc6 38. b3 axb3 39. Bxb3+ Kh7 40. Qd5 Qc7 41. Qg8+ Kg6 42. Bf7# 1-0

[Event "WCCC G10 2019"]
[Site "Weifang"]
[Date "2019.08.29"]
[Round "8.5"]
[White "Yesugen Khuchbayar"]
[Black "Ho, Ngoc Vy"]
[Result "0-1"]
[ECO "D00"]
[WhiteElo "1325"]
[BlackElo "1416"]
[Annotator "NA"]
[PlyCount "83"]
[EventDate "2019.08.21"]
[EventType "swiss"]
[EventCountry "CHN"]
[SourceTitle "playchess.com"]
[Source "ChessBase"]
[SourceQuality "1"]
[TimeControl "40/5400+30:1800+30"]

1. f4 Nf6 2. Nf3 d5 3. e3 Bf5 4. d4 e6 5. Ne5 Nbd7 6. Nd2 c6 7. Ndf3 Bd6 8. Bd3 Be4 9. O-O O-O 10. h3 c5 11. g4 Rc8 12. c3 Bxd3 13. Qxd3 Ne4 14. Qc2 c4 15. Qg2 Ndf6 16. Bd2 b5 17. Be1 a5 18. g5 Nh5 19. Nd2 f6 20. gxf6 Nhxf6 21. Nxe4 Nxe4 22. Kh2 b4 23. Rg1 Qe7 24. Bh4 Qb7 25. Qg4 Rce8 26. cxb4 axb4 27. Rg2 Bxe5 28. fxe5 Kh8 29. Rag1 Rf7 30. Qh5 Ref8 31. Rg6 Qd7 32. R6g2 c3 33. bxc3 bxc3 34. Rc2 Qa4 35. Rgg2 Qb4 36. Qg4 Nd2 37. Rc1 Nf1+ 38. Kg1 Nxe3 39. Qe2 Nxg2 40. Qxg2 Qxd4+ 41. Kh1 Qxh4 42. Ra1 0-1

[Event "WCCC G10 2019"]
[Site "Weifang"]
[Date "2019.08.29"]
[Round "8.7"]
[White "Shukhman, Anna"]
[Black "Mai, Hieu Linh"]
[Result "1/2-1/2"]
[ECO "C68"]
[WhiteElo "1806"]
[BlackElo "1344"]
[Annotator "NA"]
[PlyCount "129"]
[EventDate "2019.08.21"]
[EventType "swiss"]
[EventCountry "CHN"]
[SourceTitle "playchess.com"]
[Source "ChessBase"]
[SourceQuality "1"]
[TimeControl "40/5400+30:1800+30"]

1. e4 e5 2. Nf3 Nc6 3. Bb5 a6 4. Bxc6 dxc6 5. O-O Bg4 6. h3 h5 7. d3 Bxf3 8. Qxf3 Nf6 {[%emt 0:01:45] C68: Ruy Lopez: Exchange Variation, sidelines} (8... Qd7 9. Be3 f6 10. Rd1 g5 11. Qe2 c5 12. Nc3 O-O-O 13. Nd5 Bd6 14. c3 g4 15. h4 Ne7 16. Nxf6 {1-0 (78) Smirnov,A (2569)-Safarli,E (2681) chess.com INT 2019}) 9. Bg5 Be7 10. Nd2 Nd7 11. Be3 Bg5 $146 ({Predecessor:} 11... Kf8 12. Nc4 Kg8 13. Rab1 b5 14. Na5 c5 15. b4 cxb4 16. Nc6 {1-0 (42) Schubert,S-Trevis,R LSS email 2007}) 12. Nc4 Qf6 13. Qe2 O-O-O 14. b4 Bxe3 15. Qxe3 g5 (15... b6 $14) 16. a4 (16. Qa7 $18) 16... b6 17. Qg3 Rdg8 18. Ne3 Nf8 19. b5 cxb5 20. Nd5 Qe6 21. axb5 a5 22. Ra4 h4 23. Qe3 Nd7 24. Rc4 Nc5 25. Rxc5 bxc5 26. Qxc5 Qd6 27. Qxd6 cxd6 28. Ne7+ Kb7 29. Nxg8 Rxg8 30. Ra1 Kb6 31. c4 Ra8 $16 32. Ra4 Rf8 33. f3 f5 34. exf5 Rxf5 35. Kf2 Rf4 36. Ke3 d5 37. Kd2 dxc4 38. dxc4 Rd4+ 39. Kc3 Kc5 40. Rxa5 Rxc4+ 41. Kd3 Rd4+ 42. Ke3 Rb4 43. b6+ Kd6 44. b7 Ke6 45. Ra6+ Kf5 46. Ra7 Rb3+ 47. Kd2 Kf4 48. Kc2 Rb6 49. Kd3 Kg3 50. Ra2 Rxb7 51. Ke4 Rb1 52. Kxe5 Rg1 53. Kf5 Rxg2 54. Rxg2+ Kxg2 55. Kg4 Kh2 56. Kxg5 Kxh3 57. f4 Kg3 58. f5 h3 59. f6 h2 60. f7 h1=Q 61. f8=Q Qh4+ 62. Kg6 Qg4+ 63. Kf7 Qf5+ 64. Kg8 Qxf8+ 65. Kxf8 1/2-1/2

[Event "WCCC G10 2019"]
[Site "Weifang"]
[Date "2019.08.29"]
[Round "8.8"]
[White "Rouda Essa, Alserkal"]
[Black "Sachi Jain"]
[Result "1/2-1/2"]
[ECO "C97"]
[WhiteElo "1601"]
[BlackElo "1282"]
[Annotator "NA"]
[PlyCount "85"]
[EventDate "2019.08.21"]
[EventType "swiss"]
[EventCountry "CHN"]
[SourceTitle "playchess.com"]
[Source "ChessBase"]
[SourceQuality "1"]
[TimeControl "40/5400+30:1800+30"]

1. e4 e5 2. Nf3 Nc6 3. Bb5 a6 4. Ba4 Nf6 5. O-O Be7 6. Re1 b5 7. Bb3 d6 8. c3 O-O 9. h3 Na5 10. Bc2 c5 11. d4 Qc7 12. d5 Nc4 13. Bd3 Nb6 14. Nbd2 Ne8 15. c4 bxc4 16. Nxc4 f5 17. exf5 Bxf5 18. Ng5 Bxg5 19. Bxg5 Nxc4 20. Bxc4 Qf7 21. Qf3 Qg6 22. Qg3 Nf6 23. Bxf6 Qxf6 24. Re2 Qd8 25. Rc1 Rf6 26. Rc3 Rg6 27. Qe3 Qh4 28. Rd2 Be4 29. Bf1 Bf5 30. Kh1 a5 31. Ra3 Bd7 32. Rb3 Rf8 33. Rb7 Bc8 34. Ra7 Rgf6 35. Kg1 Rg6 36. Kh2 Rgf6 37. Kg1 Rg6 38. Kh2 Qb4 39. Qc3 Qh4 40. Qe3 Rgf6 41. Kg1 Rg6 42. Kh2 Rgf6 43. Kg1 1/2-1/2

[Event "WCCC G10 2019"]
[Site "Weifang"]
[Date "2019.08.29"]
[Round "8.9"]
[White "Li, Shutong"]
[Black "Zhao, Yunqing"]
[Result "0-1"]
[ECO "E21"]
[WhiteElo "1307"]
[BlackElo "1539"]
[Annotator "NA"]
[PlyCount "88"]
[EventDate "2019.08.21"]
[EventType "swiss"]
[EventCountry "CHN"]
[SourceTitle "playchess.com"]
[Source "ChessBase"]
[SourceQuality "1"]
[TimeControl "40/5400+30:1800+30"]

1. d4 Nf6 2. Nf3 e6 3. c4 b6 4. Nc3 Bb4 5. e3 Bb7 6. Bd2 O-O 7. Bd3 d6 8. O-O Nbd7 9. Qe2 e5 10. e4 exd4 11. Nxd4 Re8 12. f3 Bc5 13. Be3 Ne5 14. Nf5 Bxe3+ 15. Nxe3 Nfd7 16. Qc2 Nc5 17. Be2 a5 18. b3 Nc6 19. Rfd1 Bc8 20. Rab1 Be6 21. Nb5 Na6 22. Nd4 Nxd4 23. Rxd4 Qg5 24. Nf1 Qc5 25. Qd2 Nb4 26. Kh1 Nxa2 27. Rd1 Nb4 28. Ne3 Nc6 29. Rd3 Ne5 30. Rc3 Nc6 31. Rd3 Nb4 32. Rd4 Ra7 33. Nd5 Nc6 34. Rd3 Ne7 35. Rd4 Qc6 36. Qg5 Bxd5 37. exd5 Qd7 38. Bd3 Ng6 39. Bc2 Raa8 40. h4 Qe7 41. Qf5 Qe5 42. Qg4 h5 43. Qh3 Nf4 44. Qh2 Qxd4 0-1

[Event "WCCC G10 2019"]
[Site "Weifang"]
[Date "2019.08.29"]
[Round "8.10"]
[White "Chevillon, Manon"]
[Black "Kirtadze, Anastasia"]
[Result "0-1"]
[ECO "B53"]
[WhiteElo "1232"]
[BlackElo "1532"]
[Annotator "NA"]
[PlyCount "94"]
[EventDate "2019.08.21"]
[EventType "swiss"]
[EventCountry "CHN"]
[SourceTitle "playchess.com"]
[Source "ChessBase"]
[SourceQuality "1"]
[TimeControl "40/5400+30:1800+30"]

1. e4 c5 2. Nf3 d6 3. d4 cxd4 4. Qxd4 Nc6 5. Bb5 Bd7 6. Bxc6 bxc6 7. e5 d5 8. O-O e6 9. Bd2 c5 10. Qe3 h6 11. Qe1 Bb5 12. Nc3 Bxf1 13. Qxf1 Qd7 14. h3 Ne7 15. b3 Nc6 16. a3 Be7 17. Qe2 O-O 18. Nh2 f5 19. f4 Nd4 20. Qd3 Rac8 21. Kh1 c4 22. bxc4 dxc4 23. Qf1 Nxc2 24. Rd1 Nxa3 25. Be3 Qc6 26. Bxa7 Nb5 27. Nxb5 Qxb5 28. Be3 Qb3 29. Bf2 Rfd8 30. Rb1 Qd3 31. Qe1 c3 32. Nf3 c2 33. Rc1 Ba3 34. Ra1 c1=Q 35. Rxc1 Rxc1 36. Kh2 Rxe1 37. Bxe1 Qe2 38. Bg3 Rd1 39. Bh4 Rf1 40. Nd4 Qe4 41. Nf3 Qxf4+ 42. Bg3 Qc1 43. Bh4 f4 44. Ne1 Bb4 45. g3 Rf2+ 46. Ng2 Qf1 47. gxf4 Qxg2# 0-1

[Event "WCCC G10 2019"]
[Site "Weifang"]
[Date "2019.08.30"]
[Round "9.1"]
[White "Lee, Alice"]
[Black "Feng, Eunice"]
[Result "1-0"]
[ECO "D90"]
[WhiteElo "1822"]
[BlackElo "1280"]
[Annotator "NA RC"]
[PlyCount "89"]
[EventDate "2019.08.21"]
[EventType "swiss"]
[EventCountry "CHN"]
[SourceTitle "playchess.com"]
[Source "ChessBase"]
[SourceQuality "1"]
[TimeControl "40/5400+30:1800+30"]

1. d4 Nf6 2. c4 g6 3. Nc3 d5 4. Nf3 Bg7 5. cxd5 Nxd5 6. Bd2 O-O 7. Rc1 Nxc3 8. Bxc3 c5 {[%emt 0:00:52] D90: Grünfeld: 4 Nf3 Bg7 sidelines} (8... Bg4 9. e3 c5 10. dxc5 Bxc3+ 11. Rxc3 Qa5 12. a3 Bxf3 13. Qc2 Nc6 14. gxf3 Qc7 15. b4 e5 16. f4 {½-½ (32) Fridman,D (2665)-Sutovsky,E (2675) Netanya 2009}) 9. dxc5 Qxd1+ 10. Kxd1 Rd8+ 11. Ke1 $146 ({Predecessor:} 11. Nd2 Bxc3 12. Rxc3 Be6 13. a3 Nd7 14. e3 b6 15. cxb6 Nxb6 {0-1 (39) Sokolovs,J (2178)-Soergel,F (2038) Fuerth 2000}) 11... Be6 12. Bxg7 Kxg7 13. a3 Nc6 14. e3 Bd5 15. Bc4 Bxf3 16. gxf3 Ne5 17. Ke2 Rd7 18. Bb5 Rd5 19. Rhd1 Rad8 20. Rxd5 Rxd5 21. f4 Nc6 22. Bxc6 bxc6 23. b4 Rd7 24. Rd1 Rb7 25. Kd3 a5 26. Kc4 axb4 27. axb4 Kf6 28. Rd8 Ke6 29. e4 Ra7 {[%emt 0:01:48] [#]} 30. Rd3 $2 (30. f5+ $1 $18 gxf5 31. exf5+ Kxf5 32. Rc8) 30... Ra4 31. Rh3 h5 32. f5+ Ke5 33. fxg6 fxg6 34. Rg3 Kf6 35. f4 {[%emt 0:03:48] Decoy} Ra8 36. b5 Ra4+ {[%emt 0:12:28] [#]} 37. Kb3 $1 cxb5 38. c6 Ra8 39. Kb4 Rb8 40. Kc5 b4 $18 41. c7 Rc8 42. Kc6 e5 43. fxe5+ Kxe5 44. Rxg6 Kxe4 45. Rh6 {[%emt 0:02:31] Kd5+} 1-0

[Event "WCCC G10 2019"]
[Site "Weifang"]
[Date "2019.08.30"]
[Round "9.2"]
[White "Chen, Yining"]
[Black "Ho, Ngoc Vy"]
[Result "1-0"]
[ECO "D53"]
[WhiteElo "1744"]
[BlackElo "1416"]
[Annotator "NA RC"]
[PlyCount "72"]
[EventDate "2019.08.21"]
[EventType "swiss"]
[EventCountry "CHN"]
[SourceTitle "playchess.com"]
[Source "ChessBase"]
[SourceQuality "1"]
[TimeControl "40/5400+30:1800+30"]

1. d4 d5 2. c4 e6 3. Nf3 Nf6 4. Nc3 Be7 5. Qc2 O-O 6. Bg5 h6 7. Bxf6 Bxf6 8. Rd1 c6 9. e4 dxe4 10. Qxe4 Nd7 11. Bd3 g6 12. h4 Bg7 13. h5 Nf6 14. Qe3 Nxh5 15. g4 Nf6 16. Ne5 Nh7 17. f4 Qe8 18. Ne4 f5 19. Nd6 Qd8 20. c5 Nf6 21. g5 Nd5 22. gxh6 Bxe5 23. Qxe5 Qf6 24. Qxf6 Nxf6 25. Nc4 Kh7 26. Ne5 b6 27. b4 Bb7 28. Bc4 Rae8 29. Rg1 Rg8 30. Nf7 Nh5 31. Rf1 Re7 32. Ne5 Kxh6 33. Kd2 Kg7 34. Ke3 Kf6 35. Rg1 Reg7 36. Rg5 b5 1-0

[Event "WCCC G10 2019"]
[Site "Weifang"]
[Date "2019.08.30"]
[Round "9.3"]
[White "Zhao, Yunqing"]
[Black "Li, Rachael"]
[Result "1/2-1/2"]
[ECO "D34"]
[WhiteElo "1539"]
[BlackElo "1911"]
[Annotator "NA RC"]
[PlyCount "104"]
[EventDate "2019.08.21"]
[EventType "swiss"]
[EventCountry "CHN"]
[SourceTitle "playchess.com"]
[Source "ChessBase"]
[SourceQuality "1"]
[TimeControl "40/5400+30:1800+30"]

1. d4 Nf6 2. c4 e6 3. g3 c5 4. Nf3 cxd4 5. Nxd4 d5 6. Bg2 Nc6 7. O-O Be7 8. Nc3 O-O 9. cxd5 exd5 10. Bg5 Be6 11. Nxe6 {[%emt 0:10:02] D34: Tarrasch Defence: 6 g3 Nf6 7 Bg2 Be7} (11. Rc1 h6 12. Be3 Qd7 13. Qa4 Rfc8 14. Rfd1 Ng4 15. Nxc6 bxc6 16. Bd4 Nf6 17. e4 Bg4 18. Rd2 Nxe4 19. Nxe4 dxe4 {½-½ (33) Georgiev,K (2662)-Berg,E (2583) Gibraltar 2008}) 11... fxe6 12. Bh3 Qd6 13. Nb5 Qd7 14. Bxf6 $146 ({Predecessor:} 14. Qa4 Nd8 15. Rac1 h6 16. Be3 a6 17. Nc3 Qxa4 18. Nxa4 b5 {1-0 (50) Zaibi,A (2395)-Assabane,B El Ksiba 2019}) 14... Bxf6 15. e4 d4 16. Qb3 Rae8 17. f4 a6 18. Na3 Kh8 19. e5 Bd8 20. Rad1 (20. Nc4 $14) 20... b5 21. Bg2 Bb6 (21... g5 $11) 22. Kh1 (22. Nc4 $1 $14 Bc5 23. Nd2) 22... Ne7 23. Nc2 Nf5 24. Rd2 (24. g4 $5 Ne7 25. Qa3 $14) 24... Qe7 25. a4 Qc5 26. axb5 axb5 27. g4 Ne3 28. Nxe3 dxe3 29. Rc2 Qd4 30. Qxb5 Ba7 31. Qc6 Rd8 32. Qe4 Qxe4 33. Bxe4 Rd4 34. Bb7 h6 35. Ba6 Rd2 36. Rxd2 $1 exd2 37. Be2 Rb8 38. f5 exf5 39. gxf5 Rxb2 40. f6 gxf6 41. exf6 d1=Q 42. Bxd1 Rf2 43. Rxf2 Bxf2 44. Kg2 Bd4 45. f7 Kg7 46. Bb3 Be3 47. Kf3 Bc1 48. h4 (48. Ke4 $14) 48... Kf8 49. Kg4 Bd2 50. Kf5 Bc1 51. Kg6 $14 Bd2 52. h5 Bg5 1/2-1/2